Avalanche vs Canadiens

Created - April 2, 2024 at 13:14

Goals
1 2 3 T
Avalanche 1 5 2 8
Canadiens 0 1 0 1
Shots
1 2 3 T
Avalanche 14 17 15 46
Canadiens 5 21 7 33

GoalsPenalties
1st period
1. Avalanche , Tim Stutzle 33 (Colton Parayko 33, Adam Henrique 34) at 10:31
Kaapo Kahkonen (MTL) for Slashing (Minor) at 4:08 - Valeri Nichushkin served the penalty.
Ivan Provorov (MTL) for Roughing (Minor) at 9:21
Connor Dewar (COL) for Holding (Minor) at 9:21
2nd period
2. Avalanche , Adam Henrique 22 (Max Pacioretty 31, Blake Wheeler 17) at 6:05
3. Canadiens , Leon Draisaitl 37 (Filip Forsberg 33, Mattias Ekholm 35) at 6:13
4. Avalanche , Blake Wheeler 15 (Artem Zub 38, Adam Henrique 35) at 8:49
5. Avalanche , Colton Parayko 8 (Tim Stutzle 42) at 9:05
6. Avalanche , Mikko Rantanen 39 (Artem Zub 39) at 10:02
7. Avalanche , Max Pacioretty 28 (Blake Wheeler 18, Artem Zub 40) at 14:37
Jaccob Slavin (MTL) for Tripping (Minor) at 0:11
Lars Eller (MTL) for Tripping (Minor) at 3:47
Artem Zub (COL) for Interference (Minor) at 16:31
3rd period
8. Avalanche , Josh Norris 22 (Travis Sanheim 43, Vladimir Tarasenko 40) at 12:04
9. Avalanche , Josh Norris 23 (Troy Terry 22, Colton Parayko 34) at 18:00
Colton Parayko (COL) for Interference (Minor) at 8:17
Vincent Trocheck (COL) for Elbowing (Minor) at 14:08
Blake Wheeler (COL) for Tripping (Minor) at 18:37
Goalie Stats
Stuart Skinner (COL), 32 saves from 33 shots - (0.970), W, 29-11-5, 60:00 minutes
Elvis Merzlikins (MTL), 21 saves from 24 shots - (0.875), 29:58 minutes
Kaapo Kahkonen (MTL), 17 saves from 22 shots - (0.773), L, 29-12-8, 30:02 minutes
3 StarsOfficial
1 - Adam Henrique (COL)
2 - Josh Norris (COL)
3 - Colton Parayko (COL)
Referees : Mike Campbell and Reid Anderson
Linesman : Shandor Alphonso and Kyle Larson
Game Note
Elvis Merzlikins enters game at 10:02 of 2nd period
Finance
Level 1 -- Attendance: 6124 (94.22%) -- Ticket Income $734,880
Level 2 -- Attendance: 4829 (96.58%) -- Ticket Income $410,465
Level 3 -- Attendance: 3332 (95.20%) -- Ticket Income $216,580
Level 4 -- Attendance: 2984 (56.44%) -- Ticket Income $59,680
Luxury Box -- Attendance: 925 (92.50%) -- Ticket Income $203,500
Game was played at the Bell Centre.
Total Attendance: 18194 (85.47%)
Total Ticket Income: $1,625,105
Other Income: $406,276
Total Income: $2,031,381



Team Name Goals Shots Shots Attemp Shots Blocked PIM HIT PP PK FO%
Avalanche 84688910230 / 3 (0%)045%
Canadiens 13357178220 / 4 (0%)055%

Avalanche
Player Name POS G A P +/- PIM HIT SHT SB MP PP MP PP SHT PK MP PK SHT FO% FOT
Adam HenriqueC1234005012:380:0000:00067% 18
Alexandre CarrierD0000001018:512:5700:0000% 0
Artem ZubD0334233220:242:5712:3000% 0
Blake WheelerRW1233214014:050:0002:3300% 0
Colton ParaykoD1233234024:303:0023:0000% 0
Connor DewarC000-121107:490:0004:0500% 1
Jonathan ToewsC000-100007:500:0004:05045% 11
Josh NorrisC2022034016:383:0600:00037% 30
Max PaciorettyLW1123022011:330:0000:0000% 1
Michael AndersonD0000041314:410:0001:2600% 0
Mikko RantanenRW10120011019:553:0610:000100% 1
Nick BjugstadC000-100016:590:0003:14050% 2
Tim StutzleLW1123014020:473:0600:410100% 1
Travis SanheimD0113030122:593:0004:0700% 0
Troy TerryRW0112002016:232:5100:0000% 1
Tyler MyersD0004010018:330:0003:3500% 0
Vincent TrocheckC0002210119:392:5100:00040% 30
Vladimir TarasenkoRW0112004116:232:5100:0000% 0
Canadiens
Player Name POS G A P +/- PIM HIT SHT SB MP PP MP PP SHT PK MP PK SHT FO% FOT
Adam PelechD000-3020116:400:5000:4600% 0
Alex GoligoskiD000-2000211:470:0000:0000% 0
Alexander KerfootC000-100009:320:0003:50060% 15
Andrew CoglianoC000-101207:490:0002:0700% 0
Anthony ManthaRW000-1023011:170:0000:0000% 0
Artturi LehkonenLW000-2012021:534:1203:5000% 0
Brendan GallagherRW000-100015:420:0000:0000% 1
Daniel SprongRW000-1022111:170:0000:000100% 1
Filip ForsbergLW011-2042017:513:0700:0000% 0
Ivan ProvorovD000-2201122:493:4013:1200% 0
Jaccob SlavinD000-3203422:582:5001:5900% 0
Lars EllerC000-1211012:380:0001:22042% 19
Leon DraisaitlC101-3005118:123:0710:00048% 27
Mattias EkholmD011-3031225:163:3903:2700% 0
Ryan O'ReillyC000-2015019:374:1200:45065% 31
Ryan SuterD000-1010320:283:3902:3000% 0
Teuvo TeravainenLW000-2023118:034:1200:000100% 2
Valeri NichushkinRW000-3023018:123:0700:0000% 0



Play-by-Play

1st period


0:01 of 1st period - Vincent Trocheck wins face-off versus Leon Draisaitl in neutral zone.
0:17 of 1st period - Filip Forsberg is hit by Travis Sanheim and loses puck.
0:34 of 1st period - Shot by Colton Parayko.
0:34 of 1st period - Shot Misses the Net.
0:36 of 1st period - Shot by Travis Sanheim.
0:36 of 1st period - Shot Blocked by Jaccob Slavin.
0:38 of 1st period - Shot by Vincent Trocheck.
0:38 of 1st period - Deflect By Mikko Rantanen.
0:38 of 1st period - Shot Blocked by Jaccob Slavin.
1:00 of 1st period - Icing by Vladimir Tarasenko.
1:01 of 1st period - Ryan O'Reilly wins face-off versus Josh Norris in Avalanche zone.
1:06 of 1st period - Shot by Ryan O'Reilly.
1:06 of 1st period - Stopped by Stuart Skinner without a rebound.
1:07 of 1st period - Adam Henrique wins face-off versus Lars Eller in Avalanche zone.
1:07 of 1st period - Adam Henrique is hit by Anthony Mantha.
1:55 of 1st period - Michael Anderson is hit by Lars Eller and loses puck.
2:32 of 1st period - Shot by Josh Norris.
2:32 of 1st period - Stopped by Kaapo Kahkonen with a rebound.
2:36 of 1st period - Shot by Vladimir Tarasenko.
2:36 of 1st period - Stopped by Kaapo Kahkonen without a rebound.
2:37 of 1st period - Ryan O'Reilly wins face-off versus Jonathan Toews in Canadiens zone.
2:49 of 1st period - Shot by Ryan O'Reilly.
2:49 of 1st period - Shot Misses the Net.
3:47 of 1st period - Icing by Troy Terry.
3:48 of 1st period - Alexander Kerfoot wins face-off versus Josh Norris in Avalanche zone.
3:49 of 1st period - Shot by Andrew Cogliano.
3:49 of 1st period - Deflect By Brendan Gallagher.
3:49 of 1st period - Shot Blocked by Vladimir Tarasenko.
3:58 of 1st period - Shot by Josh Norris.
3:58 of 1st period - Shot Blocked by Brendan Gallagher.
4:00 of 1st period - Shot by Vladimir Tarasenko.
4:00 of 1st period - Shot Misses the Net.
4:04 of 1st period - Shot by Troy Terry.
4:04 of 1st period - Stopped by Kaapo Kahkonen without a rebound.
4:05 of 1st period - Vincent Trocheck wins face-off versus Leon Draisaitl in Canadiens zone.
4:08 of 1st period - Shot by Tim Stutzle.
4:08 of 1st period - Stopped by Kaapo Kahkonen without a rebound.
4:08 of 1st period - Minor Penalty to Kaapo Kahkonen for Slashing.
4:09 of 1st period - Alexander Kerfoot wins face-off versus Josh Norris in Canadiens zone.
4:28 of 1st period - Off-side.
4:29 of 1st period - Alexander Kerfoot wins face-off versus Vincent Trocheck in neutral zone.
4:56 of 1st period - Shot by Vincent Trocheck.
4:56 of 1st period - Shot Blocked by Ryan Suter.
4:58 of 1st period - Shot by Vincent Trocheck.
4:58 of 1st period - Deflect By Troy Terry.
4:58 of 1st period - Shot Misses the Net.
6:03 of 1st period - Shot by Artem Zub.
6:03 of 1st period - Stopped by Kaapo Kahkonen without a rebound.
6:04 of 1st period - Lars Eller wins face-off versus Vincent Trocheck in Canadiens zone.
6:15 of 1st period - Shot by Adam Henrique.
6:15 of 1st period - Stopped by Kaapo Kahkonen without a rebound.
6:16 of 1st period - Adam Henrique wins face-off versus Leon Draisaitl in Canadiens zone.
6:51 of 1st period - Shot by Blake Wheeler.
6:51 of 1st period - Shot Misses the Net.
6:54 of 1st period - Adam Henrique is hit by Adam Pelech and loses puck.
7:35 of 1st period - Icing by Michael Anderson.
7:36 of 1st period - Alexander Kerfoot wins face-off versus Vincent Trocheck in Avalanche zone.
8:42 of 1st period - Off-side.
8:43 of 1st period - Jonathan Toews wins face-off versus Lars Eller in neutral zone.
8:45 of 1st period - Travis Sanheim is hit by Anthony Mantha and loses puck.
9:21 of 1st period - Minor Penalty to Ivan Provorov for Roughing.
9:21 of 1st period - Minor Penalty to Connor Dewar for Holding.
9:22 of 1st period - Vincent Trocheck wins face-off versus Leon Draisaitl in Canadiens zone.
10:31 of 1st period - Shot by Tim Stutzle.
10:31 of 1st period - Goal by Tim Stutzle - Avalanche : 1 - Canadiens : 0.
10:32 of 1st period - Tim Stutzle wins face-off versus Ryan O'Reilly in neutral zone.
10:34 of 1st period - Colton Parayko is hit by Filip Forsberg and loses puck.
10:39 of 1st period - Shot by Filip Forsberg.
10:39 of 1st period - Stopped by Stuart Skinner without a rebound.
10:40 of 1st period - Adam Henrique wins face-off versus Ryan O'Reilly in Avalanche zone.
12:20 of 1st period - Shot by Jaccob Slavin.
12:20 of 1st period - Stopped by Stuart Skinner without a rebound.
12:21 of 1st period - Ryan O'Reilly wins face-off versus Vincent Trocheck in Avalanche zone.
12:34 of 1st period - Shot by Mikko Rantanen.
12:34 of 1st period - Shot Misses the Net.
12:36 of 1st period - Shot by Vincent Trocheck.
12:36 of 1st period - Shot Blocked by Teuvo Teravainen.
12:40 of 1st period - Shot by Mikko Rantanen.
12:40 of 1st period - Stopped by Kaapo Kahkonen without a rebound.
12:41 of 1st period - Adam Henrique wins face-off versus Leon Draisaitl in Canadiens zone.
12:58 of 1st period - Shot by Adam Henrique.
12:58 of 1st period - Shot Misses the Net.
13:00 of 1st period - Shot by Travis Sanheim.
13:00 of 1st period - Shot Misses the Net.
13:02 of 1st period - Shot by Max Pacioretty.
13:02 of 1st period - Shot Blocked by Jaccob Slavin.
13:04 of 1st period - Shot by Adam Henrique.
13:04 of 1st period - Stopped by Kaapo Kahkonen without a rebound.
13:05 of 1st period - Ryan O'Reilly wins face-off versus Vincent Trocheck in Canadiens zone.
13:05 of 1st period - Ryan O'Reilly is hit by Tim Stutzle.
13:25 of 1st period - Shot by Mikko Rantanen.
13:25 of 1st period - Stopped by Kaapo Kahkonen without a rebound.
13:26 of 1st period - Leon Draisaitl wins face-off versus Josh Norris in Canadiens zone.
13:36 of 1st period - Icing by Colton Parayko.
13:37 of 1st period - Josh Norris wins face-off versus Ryan O'Reilly in Avalanche zone.
13:42 of 1st period - Shot by Troy Terry.
13:42 of 1st period - Shot Misses the Net.
13:48 of 1st period - Vladimir Tarasenko is hit by Teuvo Teravainen and loses puck.
13:55 of 1st period - Shot by Teuvo Teravainen.
13:55 of 1st period - Stopped by Stuart Skinner without a rebound.
13:56 of 1st period - Vincent Trocheck wins face-off versus Leon Draisaitl in Avalanche zone.
14:04 of 1st period - Mikko Rantanen is hit by Filip Forsberg and loses puck.
14:12 of 1st period - Mikko Rantanen is hit by Ryan Suter and loses puck.
15:11 of 1st period - Shot by Teuvo Teravainen.
15:11 of 1st period - Shot Misses the Net.
15:13 of 1st period - Shot by Jaccob Slavin.
15:13 of 1st period - Stopped by Stuart Skinner without a rebound.
15:14 of 1st period - Josh Norris wins face-off versus Lars Eller in Avalanche zone.
15:51 of 1st period - Shot by Troy Terry.
15:51 of 1st period - Stopped by Kaapo Kahkonen with a rebound.
16:20 of 1st period - Off-side.
16:21 of 1st period - Adam Henrique wins face-off versus Leon Draisaitl in neutral zone.
17:33 of 1st period - Shot by Mikko Rantanen.
17:33 of 1st period - Stopped by Kaapo Kahkonen without a rebound.
17:34 of 1st period - Jonathan Toews wins face-off versus Ryan O'Reilly in Canadiens zone.
17:56 of 1st period - Shot by Connor Dewar.
17:56 of 1st period - Stopped by Kaapo Kahkonen without a rebound.
17:57 of 1st period - Vincent Trocheck wins face-off versus Alexander Kerfoot in Canadiens zone.
18:00 of 1st period - Shot by Tim Stutzle.
18:00 of 1st period - Shot Misses the Net.
18:26 of 1st period - Alex Goligoski is hit by Artem Zub and loses puck.
19:00 of 1st period - Shot by Vladimir Tarasenko.
19:00 of 1st period - Stopped by Kaapo Kahkonen without a rebound.
19:01 of 1st period - Ryan O'Reilly wins face-off versus Adam Henrique in Canadiens zone.
19:26 of 1st period - Shot by Blake Wheeler.
19:26 of 1st period - Shot Misses the Net.
19:31 of 1st period - Blake Wheeler is hit by Mattias Ekholm and loses puck.
19:53 of 1st period - Icing by Mattias Ekholm.
19:54 of 1st period - Ryan O'Reilly wins face-off versus Josh Norris in Canadiens zone.
Goals for this period are 1 for Avalanche vs 0 for Canadiens.
Shots for this period are 14 for Avalanche vs 5 for Canadiens.

2nd period


0:01 of 2nd period - Vincent Trocheck wins face-off versus Lars Eller in neutral zone.
0:01 of 2nd period - Tim Stutzle is hit by Daniel Sprong and loses puck.
0:05 of 2nd period - Alexandre Carrier is hit by Mattias Ekholm and loses puck.
0:11 of 2nd period - Minor Penalty to Jaccob Slavin for Tripping.
0:12 of 2nd period - Alexander Kerfoot wins face-off versus Vincent Trocheck in Canadiens zone.
0:12 of 2nd period - Alexander Kerfoot is hit by Vincent Trocheck.
0:47 of 2nd period - Icing by Vincent Trocheck.
0:48 of 2nd period - Alexander Kerfoot wins face-off versus Vincent Trocheck in Avalanche zone.
0:59 of 2nd period - Shot by Vladimir Tarasenko.
0:59 of 2nd period - Shot Misses the Net.
1:01 of 2nd period - Shot by Vincent Trocheck.
1:01 of 2nd period - Shot Misses the Net.
1:25 of 2nd period - Shot by Mikko Rantanen.
1:25 of 2nd period - Stopped by Kaapo Kahkonen without a rebound.
1:26 of 2nd period - Lars Eller wins face-off versus Josh Norris in Canadiens zone.
3:20 of 2nd period - Shot by Anthony Mantha.
3:20 of 2nd period - Stopped by Stuart Skinner without a rebound.
3:21 of 2nd period - Ryan O'Reilly wins face-off versus Josh Norris in Avalanche zone.
3:26 of 2nd period - Shot by Teuvo Teravainen.
3:26 of 2nd period - Stopped by Stuart Skinner without a rebound.
3:27 of 2nd period - Teuvo Teravainen wins face-off versus Vincent Trocheck in Avalanche zone.
3:27 of 2nd period - Ryan O'Reilly is hit by Michael Anderson and loses puck.
3:36 of 2nd period - Shot by Artturi Lehkonen.
3:36 of 2nd period - Stopped by Stuart Skinner without a rebound.
3:37 of 2nd period - Lars Eller wins face-off versus Josh Norris in Avalanche zone.
3:44 of 2nd period - Shot by Mattias Ekholm.
3:44 of 2nd period - Stopped by Stuart Skinner with a rebound.
3:47 of 2nd period - Minor Penalty to Lars Eller for Tripping.
3:48 of 2nd period - Alexander Kerfoot wins face-off versus Josh Norris in Canadiens zone.
3:56 of 2nd period - Off-side.
3:57 of 2nd period - Alexander Kerfoot wins face-off versus Vincent Trocheck in neutral zone.
4:24 of 2nd period - Shot by Vladimir Tarasenko.
4:24 of 2nd period - Deflect By Troy Terry.
4:24 of 2nd period - Shot Misses the Net.
4:26 of 2nd period - Shot by Colton Parayko.
4:26 of 2nd period - Stopped by Kaapo Kahkonen without a rebound.
4:27 of 2nd period - Josh Norris wins face-off versus Alexander Kerfoot in Canadiens zone.
4:46 of 2nd period - Alexandre Carrier is hit by Andrew Cogliano and loses puck.
5:43 of 2nd period - Shot by Travis Sanheim.
5:43 of 2nd period - Shot Blocked by Ryan Suter.
5:45 of 2nd period - Shot by Colton Parayko.
5:45 of 2nd period - Stopped by Kaapo Kahkonen without a rebound.
5:46 of 2nd period - Vincent Trocheck wins face-off versus Alexander Kerfoot in Canadiens zone.
6:01 of 2nd period - Shot by Max Pacioretty.
6:01 of 2nd period - Deflect By Adam Henrique.
6:01 of 2nd period - Shot Blocked by Alex Goligoski.
6:03 of 2nd period - Shot by Adam Henrique.
6:03 of 2nd period - Stopped by Kaapo Kahkonen with a rebound.
6:05 of 2nd period - Shot by Adam Henrique.
6:05 of 2nd period - Goal by Adam Henrique - Avalanche : 2 - Canadiens : 0.
6:06 of 2nd period - Leon Draisaitl wins face-off versus Jonathan Toews in neutral zone.
6:08 of 2nd period - Mattias Ekholm is hit by Travis Sanheim and loses puck.
6:13 of 2nd period - Shot by Leon Draisaitl.
6:13 of 2nd period - Goal by Leon Draisaitl - Avalanche : 2 - Canadiens : 1.
6:14 of 2nd period - Mikko Rantanen wins face-off versus Ryan O'Reilly in neutral zone.
6:23 of 2nd period - Shot by Teuvo Teravainen.
6:23 of 2nd period - Shot Misses the Net.
6:25 of 2nd period - Shot by Ryan O'Reilly.
6:25 of 2nd period - Shot Misses the Net.
6:27 of 2nd period - Shot by Mattias Ekholm.
6:27 of 2nd period - Shot Blocked by Michael Anderson.
6:29 of 2nd period - Shot by Ryan O'Reilly.
6:29 of 2nd period - Stopped by Stuart Skinner without a rebound.
6:30 of 2nd period - Daniel Sprong wins face-off versus Josh Norris in Avalanche zone.
6:38 of 2nd period - Shot by Lars Eller.
6:38 of 2nd period - Stopped by Stuart Skinner without a rebound.
6:39 of 2nd period - Ryan O'Reilly wins face-off versus Vincent Trocheck in Avalanche zone.
7:16 of 2nd period - Shot by Ryan O'Reilly.
7:16 of 2nd period - Stopped by Stuart Skinner without a rebound.
7:17 of 2nd period - Lars Eller wins face-off versus Josh Norris in Avalanche zone.
7:24 of 2nd period - Shot by Anthony Mantha.
7:24 of 2nd period - Stopped by Stuart Skinner without a rebound.
7:25 of 2nd period - Josh Norris wins face-off versus Lars Eller in Avalanche zone.
7:52 of 2nd period - Shot by Anthony Mantha.
7:52 of 2nd period - Deflect By Daniel Sprong.
7:52 of 2nd period - Shot Blocked by Michael Anderson.
8:04 of 2nd period - Shot by Anthony Mantha.
8:04 of 2nd period - Shot Misses the Net.
8:06 of 2nd period - Shot by Daniel Sprong.
8:06 of 2nd period - Stopped by Stuart Skinner without a rebound.
8:07 of 2nd period - Ryan O'Reilly wins face-off versus Vincent Trocheck in Avalanche zone.
8:10 of 2nd period - Shot by Artturi Lehkonen.
8:10 of 2nd period - Shot Blocked by Vincent Trocheck.
8:15 of 2nd period - Teuvo Teravainen is hit by Colton Parayko.
8:21 of 2nd period - Shot by Artturi Lehkonen.
8:21 of 2nd period - Stopped by Stuart Skinner with a rebound.
8:23 of 2nd period - Shot by Ryan O'Reilly.
8:23 of 2nd period - Stopped by Stuart Skinner without a rebound.
8:24 of 2nd period - Leon Draisaitl wins face-off versus Adam Henrique in Avalanche zone.
8:25 of 2nd period - Shot by Valeri Nichushkin.
8:25 of 2nd period - Shot Blocked by Artem Zub.
8:49 of 2nd period - Shot by Blake Wheeler.
8:49 of 2nd period - Goal by Blake Wheeler - Avalanche : 3 - Canadiens : 1.
8:50 of 2nd period - Vincent Trocheck wins face-off versus Ryan O'Reilly in neutral zone.
9:01 of 2nd period - Shot by Tim Stutzle.
9:01 of 2nd period - Shot Misses the Net.
9:03 of 2nd period - Shot by Tim Stutzle.
9:03 of 2nd period - Shot Misses the Net.
9:05 of 2nd period - Shot by Colton Parayko.
9:05 of 2nd period - Goal by Colton Parayko - Avalanche : 4 - Canadiens : 1.
9:06 of 2nd period - Josh Norris wins face-off versus Leon Draisaitl in neutral zone.
9:06 of 2nd period - Josh Norris is hit by Valeri Nichushkin.
10:02 of 2nd period - Shot by Mikko Rantanen.
10:02 of 2nd period - Goal by Mikko Rantanen - Avalanche : 5 - Canadiens : 1.
10:02 of 2nd period - Elvis Merzlikins enters game.
10:03 of 2nd period - Ryan O'Reilly wins face-off versus Vincent Trocheck in neutral zone.
10:27 of 2nd period - Shot by Tim Stutzle.
10:27 of 2nd period - Deflect By Mikko Rantanen.
10:27 of 2nd period - Shot Misses the Net.
10:29 of 2nd period - Shot by Colton Parayko.
10:29 of 2nd period - Stopped by Elvis Merzlikins without a rebound.
10:30 of 2nd period - Lars Eller wins face-off versus Adam Henrique in Canadiens zone.
10:39 of 2nd period - Shot by Anthony Mantha.
10:39 of 2nd period - Stopped by Stuart Skinner without a rebound.
10:40 of 2nd period - Josh Norris wins face-off versus Alexander Kerfoot in Avalanche zone.
11:07 of 2nd period - Shot by Andrew Cogliano.
11:07 of 2nd period - Shot Misses the Net.
11:19 of 2nd period - Shot by Andrew Cogliano.
11:19 of 2nd period - Shot Blocked by Artem Zub.
11:21 of 2nd period - Shot by Brendan Gallagher.
11:21 of 2nd period - Shot Misses the Net.
11:23 of 2nd period - Shot by Jaccob Slavin.
11:23 of 2nd period - Stopped by Stuart Skinner without a rebound.
11:24 of 2nd period - Vincent Trocheck wins face-off versus Ryan O'Reilly in Avalanche zone.
11:24 of 2nd period - Vincent Trocheck is hit by Ryan O'Reilly.
11:36 of 2nd period - Shot by Vincent Trocheck.
11:36 of 2nd period - Shot Misses the Net.
11:38 of 2nd period - Shot by Alexandre Carrier.
11:38 of 2nd period - Stopped by Elvis Merzlikins with a rebound.
11:44 of 2nd period - Shot by Tim Stutzle.
11:44 of 2nd period - Shot Blocked by Ivan Provorov.
11:58 of 2nd period - Shot by Tim Stutzle.
11:58 of 2nd period - Deflect By Mikko Rantanen.
11:58 of 2nd period - Stopped by Elvis Merzlikins without a rebound.
11:59 of 2nd period - Adam Henrique wins face-off versus Lars Eller in Canadiens zone.
12:18 of 2nd period - Shot by Adam Henrique.
12:18 of 2nd period - Stopped by Elvis Merzlikins without a rebound.
12:19 of 2nd period - Leon Draisaitl wins face-off versus Josh Norris in Canadiens zone.
12:19 of 2nd period - Leon Draisaitl is hit by Josh Norris.
12:25 of 2nd period - Shot by Leon Draisaitl.
12:25 of 2nd period - Deflect By Filip Forsberg.
12:25 of 2nd period - Stopped by Stuart Skinner without a rebound.
12:26 of 2nd period - Vincent Trocheck wins face-off versus Lars Eller in Avalanche zone.
12:26 of 2nd period - Alexandre Carrier is hit by Daniel Sprong and loses puck.
13:29 of 2nd period - Shot by Teuvo Teravainen.
13:29 of 2nd period - Stopped by Stuart Skinner without a rebound.
13:30 of 2nd period - Leon Draisaitl wins face-off versus Josh Norris in Avalanche zone.
13:41 of 2nd period - Shot by Valeri Nichushkin.
13:41 of 2nd period - Stopped by Stuart Skinner with a rebound.
14:03 of 2nd period - Shot by Valeri Nichushkin.
14:03 of 2nd period - Deflect By Leon Draisaitl.
14:03 of 2nd period - Stopped by Stuart Skinner without a rebound.
14:04 of 2nd period - Ryan O'Reilly wins face-off versus Adam Henrique in Avalanche zone.
14:05 of 2nd period - Shot by Artturi Lehkonen.
14:05 of 2nd period - Shot Misses the Net.
14:10 of 2nd period - Off-side.
14:11 of 2nd period - Ryan O'Reilly wins face-off versus Adam Henrique in neutral zone.
14:11 of 2nd period - Ryan O'Reilly is hit by Max Pacioretty.
14:35 of 2nd period - Shot by Blake Wheeler.
14:35 of 2nd period - Shot Misses the Net.
14:37 of 2nd period - Shot by Max Pacioretty.
14:37 of 2nd period - Goal by Max Pacioretty - Avalanche : 6 - Canadiens : 1.
14:38 of 2nd period - Leon Draisaitl wins face-off versus Vincent Trocheck in neutral zone.
15:19 of 2nd period - Shot by Tim Stutzle.
15:19 of 2nd period - Stopped by Elvis Merzlikins with a rebound.
15:21 of 2nd period - Shot by Tim Stutzle.
15:21 of 2nd period - Shot Misses the Net.
15:23 of 2nd period - Shot by Tim Stutzle.
15:23 of 2nd period - Stopped by Elvis Merzlikins without a rebound.
15:24 of 2nd period - Ryan O'Reilly wins face-off versus Josh Norris in Canadiens zone.
15:41 of 2nd period - Shot by Ryan O'Reilly.
15:41 of 2nd period - Stopped by Stuart Skinner with a rebound.
15:53 of 2nd period - Shot by Vladimir Tarasenko.
15:53 of 2nd period - Deflect By Josh Norris.
15:53 of 2nd period - Stopped by Elvis Merzlikins without a rebound.
15:54 of 2nd period - Adam Henrique wins face-off versus Lars Eller in Canadiens zone.
16:08 of 2nd period - Icing by Artem Zub.
16:09 of 2nd period - Adam Henrique wins face-off versus Brendan Gallagher in Avalanche zone.
16:23 of 2nd period - Alexander Kerfoot is hit by Artem Zub and loses puck.
16:28 of 2nd period - Shot by Andrew Cogliano.
16:28 of 2nd period - Stopped by Stuart Skinner with a rebound.
16:31 of 2nd period - Minor Penalty to Artem Zub for Interference.
16:32 of 2nd period - Jonathan Toews wins face-off versus Leon Draisaitl in Avalanche zone.
16:45 of 2nd period - Shot by Leon Draisaitl.
16:45 of 2nd period - Stopped by Stuart Skinner without a rebound.
16:46 of 2nd period - Ryan O'Reilly wins face-off versus Connor Dewar in Avalanche zone.
17:18 of 2nd period - Ryan O'Reilly is hit by Colton Parayko.
18:13 of 2nd period - Jonathan Toews is hit by Valeri Nichushkin and loses puck.
18:19 of 2nd period - Leon Draisaitl is hit by Michael Anderson and loses puck.
18:49 of 2nd period - Shot by Mikko Rantanen.
18:49 of 2nd period - Stopped by Elvis Merzlikins without a rebound.
18:50 of 2nd period - Alexander Kerfoot wins face-off versus Josh Norris in Canadiens zone.
18:50 of 2nd period - Brendan Gallagher is hit by Josh Norris and loses puck.
19:04 of 2nd period - Brendan Gallagher is hit by Artem Zub and loses puck.
Goals for this period are 5 for Avalanche vs 1 for Canadiens.
Shots for this period are 17 for Avalanche vs 21 for Canadiens.

3rd period


0:01 of 3rd period - Vincent Trocheck wins face-off versus Leon Draisaitl in neutral zone.
0:08 of 3rd period - Shot by Vincent Trocheck.
0:08 of 3rd period - Shot Blocked by Jaccob Slavin.
0:10 of 3rd period - Shot by Mikko Rantanen.
0:10 of 3rd period - Stopped by Elvis Merzlikins without a rebound.
0:11 of 3rd period - Ryan O'Reilly wins face-off versus Adam Henrique in Canadiens zone.
0:16 of 3rd period - Alexandre Carrier is hit by Teuvo Teravainen and loses puck.
1:19 of 3rd period - Shot by Leon Draisaitl.
1:19 of 3rd period - Stopped by Stuart Skinner without a rebound.
1:20 of 3rd period - Lars Eller wins face-off versus Vincent Trocheck in Avalanche zone.
1:23 of 3rd period - Shot by Daniel Sprong.
1:23 of 3rd period - Stopped by Stuart Skinner without a rebound.
1:24 of 3rd period - Lars Eller wins face-off versus Vincent Trocheck in Avalanche zone.
1:31 of 3rd period - Shot by Daniel Sprong.
1:31 of 3rd period - Shot Misses the Net.
1:47 of 3rd period - Shot by Vincent Trocheck.
1:47 of 3rd period - Shot Misses the Net.
1:49 of 3rd period - Shot by Colton Parayko.
1:49 of 3rd period - Shot Misses the Net.
1:57 of 3rd period - Shot by Mikko Rantanen.
1:57 of 3rd period - Stopped by Elvis Merzlikins without a rebound.
1:58 of 3rd period - Leon Draisaitl wins face-off versus Troy Terry in Canadiens zone.
2:00 of 3rd period - Icing by Filip Forsberg.
2:01 of 3rd period - Josh Norris wins face-off versus Leon Draisaitl in Canadiens zone.
2:07 of 3rd period - Icing by Valeri Nichushkin.
2:08 of 3rd period - Leon Draisaitl wins face-off versus Vincent Trocheck in Canadiens zone.
2:53 of 3rd period - Leon Draisaitl is hit by Travis Sanheim and loses puck.
3:30 of 3rd period - Shot by Vladimir Tarasenko.
3:30 of 3rd period - Stopped by Elvis Merzlikins without a rebound.
3:31 of 3rd period - Adam Henrique wins face-off versus Lars Eller in Canadiens zone.
3:44 of 3rd period - Shot by Blake Wheeler.
3:44 of 3rd period - Stopped by Elvis Merzlikins without a rebound.
3:45 of 3rd period - Josh Norris wins face-off versus Alexander Kerfoot in Canadiens zone.
3:55 of 3rd period - Shot by Josh Norris.
3:55 of 3rd period - Shot Blocked by Mattias Ekholm.
3:57 of 3rd period - Shot by Michael Anderson.
3:57 of 3rd period - Stopped by Elvis Merzlikins without a rebound.
3:58 of 3rd period - Lars Eller wins face-off versus Max Pacioretty in Canadiens zone.
4:18 of 3rd period - Max Pacioretty is hit by Adam Pelech and loses puck.
4:41 of 3rd period - Shot by Blake Wheeler.
4:41 of 3rd period - Stopped by Elvis Merzlikins without a rebound.
4:42 of 3rd period - Josh Norris wins face-off versus Leon Draisaitl in Canadiens zone.
4:45 of 3rd period - Shot by Vladimir Tarasenko.
4:45 of 3rd period - Stopped by Elvis Merzlikins without a rebound.
4:46 of 3rd period - Ryan O'Reilly wins face-off versus Josh Norris in Canadiens zone.
4:50 of 3rd period - Icing by Mattias Ekholm.
4:51 of 3rd period - Ryan O'Reilly wins face-off versus Josh Norris in Canadiens zone.
6:25 of 3rd period - Off-side.
6:26 of 3rd period - Adam Henrique wins face-off versus Lars Eller in neutral zone.
6:47 of 3rd period - Shot by Artem Zub.
6:47 of 3rd period - Stopped by Elvis Merzlikins with a rebound.
6:57 of 3rd period - Shot by Blake Wheeler.
6:57 of 3rd period - Stopped by Elvis Merzlikins without a rebound.
6:58 of 3rd period - Vincent Trocheck wins face-off versus Ryan O'Reilly in Canadiens zone.
6:58 of 3rd period - Alexandre Carrier is hit by Mattias Ekholm and loses puck.
7:03 of 3rd period - Shot by Mikko Rantanen.
7:03 of 3rd period - Stopped by Elvis Merzlikins without a rebound.
7:04 of 3rd period - Leon Draisaitl wins face-off versus Vincent Trocheck in Canadiens zone.
7:17 of 3rd period - Shot by Leon Draisaitl.
7:17 of 3rd period - Shot Misses the Net.
7:19 of 3rd period - Shot by Valeri Nichushkin.
7:19 of 3rd period - Shot Misses the Net.
7:21 of 3rd period - Shot by Valeri Nichushkin.
7:21 of 3rd period - Stopped by Stuart Skinner with a rebound.
7:23 of 3rd period - Shot by Mattias Ekholm.
7:23 of 3rd period - Shot Misses the Net.
7:39 of 3rd period - Shot by Valeri Nichushkin.
7:39 of 3rd period - Stopped by Stuart Skinner without a rebound.
7:40 of 3rd period - Josh Norris wins face-off versus Ryan O'Reilly in Avalanche zone.
7:40 of 3rd period - Josh Norris is hit by Artturi Lehkonen.
7:51 of 3rd period - Teuvo Teravainen is hit by Josh Norris and loses puck.
8:03 of 3rd period - Teuvo Teravainen is hit by Colton Parayko and loses puck.
8:17 of 3rd period - Minor Penalty to Colton Parayko for Interference.
8:18 of 3rd period - Leon Draisaitl wins face-off versus Jonathan Toews in Avalanche zone.
8:31 of 3rd period - Shot by Leon Draisaitl.
8:31 of 3rd period - Shot Blocked by Nick Bjugstad.
8:33 of 3rd period - Shot by Leon Draisaitl.
8:33 of 3rd period - Shot Misses the Net.
8:44 of 3rd period - Leon Draisaitl is hit by Tyler Myers and loses puck.
8:55 of 3rd period - Shot by Ivan Provorov.
8:55 of 3rd period - Shot Misses the Net.
8:57 of 3rd period - Shot by Ivan Provorov.
8:57 of 3rd period - Stopped by Stuart Skinner with a rebound.
9:12 of 3rd period - Off-side.
9:13 of 3rd period - Teuvo Teravainen wins face-off versus Jonathan Toews in neutral zone.
9:13 of 3rd period - Mattias Ekholm is hit by Connor Dewar and loses puck.
9:18 of 3rd period - Shot by Ryan Suter.
9:18 of 3rd period - Shot Blocked by Michael Anderson.
9:20 of 3rd period - Shot by Ryan Suter.
9:20 of 3rd period - Shot Blocked by Travis Sanheim.
9:22 of 3rd period - Shot by Artturi Lehkonen.
9:22 of 3rd period - Shot Misses the Net.
9:54 of 3rd period - Icing by Mattias Ekholm.
9:55 of 3rd period - Ryan O'Reilly wins face-off versus Nick Bjugstad in Canadiens zone.
9:55 of 3rd period - Ryan O'Reilly is hit by Blake Wheeler.
11:28 of 3rd period - Alex Goligoski is hit by Max Pacioretty and loses puck.
11:35 of 3rd period - Shot by Blake Wheeler.
11:35 of 3rd period - Shot Blocked by Adam Pelech.
11:39 of 3rd period - Shot by Adam Henrique.
11:39 of 3rd period - Shot Blocked by Alex Goligoski.
11:41 of 3rd period - Shot by Artem Zub.
11:41 of 3rd period - Stopped by Elvis Merzlikins without a rebound.
11:42 of 3rd period - Leon Draisaitl wins face-off versus Josh Norris in Canadiens zone.
11:51 of 3rd period - Shot by Troy Terry.
11:51 of 3rd period - Shot Misses the Net.
12:02 of 3rd period - Shot by Josh Norris.
12:02 of 3rd period - Shot Misses the Net.
12:04 of 3rd period - Shot by Josh Norris.
12:04 of 3rd period - Goal by Josh Norris - Avalanche : 7 - Canadiens : 1.
12:05 of 3rd period - Jonathan Toews wins face-off versus Ryan O'Reilly in neutral zone.
12:43 of 3rd period - Icing by Ryan O'Reilly.
12:44 of 3rd period - Ryan O'Reilly wins face-off versus Vincent Trocheck in Canadiens zone.
12:56 of 3rd period - Shot by Mikko Rantanen.
12:56 of 3rd period - Stopped by Elvis Merzlikins without a rebound.
12:57 of 3rd period - Leon Draisaitl wins face-off versus Josh Norris in Canadiens zone.
13:23 of 3rd period - Vladimir Tarasenko is hit by Filip Forsberg and loses puck.
13:28 of 3rd period - Colton Parayko is hit by Filip Forsberg and loses puck.
13:33 of 3rd period - Shot by Leon Draisaitl.
13:33 of 3rd period - Stopped by Stuart Skinner with a rebound.
14:08 of 3rd period - Minor Penalty to Vincent Trocheck for Elbowing.
14:09 of 3rd period - Jonathan Toews wins face-off versus Ryan O'Reilly in Avalanche zone.
15:15 of 3rd period - Off-side.
15:16 of 3rd period - Nick Bjugstad wins face-off versus Leon Draisaitl in neutral zone.
15:29 of 3rd period - Shot by Tyler Myers.
15:29 of 3rd period - Shot Misses the Net.
15:32 of 3rd period - Icing by Ivan Provorov.
15:33 of 3rd period - Leon Draisaitl wins face-off versus Jonathan Toews in Canadiens zone.
16:15 of 3rd period - Ryan O'Reilly is hit by Michael Anderson and loses puck.
17:07 of 3rd period - Brendan Gallagher is hit by Michael Anderson and loses puck.
17:10 of 3rd period - Shot by Andrew Cogliano.
17:10 of 3rd period - Stopped by Stuart Skinner without a rebound.
17:11 of 3rd period - Adam Henrique wins face-off versus Lars Eller in Avalanche zone.
17:26 of 3rd period - Shot by Max Pacioretty.
17:26 of 3rd period - Shot Blocked by Daniel Sprong.
17:36 of 3rd period - Shot by Max Pacioretty.
17:36 of 3rd period - Shot Blocked by Mattias Ekholm.
17:38 of 3rd period - Shot by Max Pacioretty.
17:38 of 3rd period - Stopped by Elvis Merzlikins without a rebound.
17:39 of 3rd period - Josh Norris wins face-off versus Alexander Kerfoot in Canadiens zone.
17:50 of 3rd period - Shot by Colton Parayko.
17:50 of 3rd period - Shot Blocked by Ryan Suter.
18:00 of 3rd period - Shot by Josh Norris.
18:00 of 3rd period - Goal by Josh Norris - Avalanche : 8 - Canadiens : 1.
18:01 of 3rd period - Adam Henrique wins face-off versus Leon Draisaitl in neutral zone.
18:12 of 3rd period - Shot by Adam Henrique.
18:12 of 3rd period - Shot Misses the Net.
18:14 of 3rd period - Shot by Adam Henrique.
18:14 of 3rd period - Shot Blocked by Leon Draisaitl.
18:37 of 3rd period - Minor Penalty to Blake Wheeler for Tripping.
18:38 of 3rd period - Ryan O'Reilly wins face-off versus Jonathan Toews in Avalanche zone.
Goals for this period are 2 for Avalanche vs 0 for Canadiens.
Shots for this period are 15 for Avalanche vs 7 for Canadiens.